AoeStats
← |GaoeG| flamingo

MegaRandom

510355787Analyzed
3v3 RM · 8h ago on Sep 30, 2026· 24m 16s· 6 players
Game mode
Random Map
Map size
Normal (6 player)
Population
200
Speed
Normal
Resources
Standard
Victory
Conquest
Starting age
Dark Age
Ending age
Imperial Age
RankedLock teamsTeams togetherTeam positionsShared explorationLock speedFull tech treeHidden civsTurbo modeCheats
Victory
Defeat
🇨🇳 Magyars · China
1234
+12
🇨🇳 Burgundians · China
1198
+13
🇸🇪 Khmer · Sweden
1112
+17
🇪🇸 Saracens · Spain
1268
-19
🇪🇸 Persians · Spain
1146
-14
🇪🇸 Franks · Spain
1000
-9
QuitTouchingMe
12:59 Feudal Age
11:18 Loom
17:17 Castle Age
15:40 Double-Bit Axe
17:57 Horse Collar
19:23 Bloodlines
20:19 Scale Barding Armor
20:45 Town Watch
axjhbl90
13:58 Feudal Age
14:14 Loom
15:03 Double-Bit Axe
16:36 Bloodlines
20:32 Wheelbarrow
22:33 Horse Collar
holungb
8:09 Double-Bit Axe
15:07 Feudal Age
20:32 Castle Age
19:54 Loom
21:52 Bow Saw
23:43 Cavalier
claran33
15:08 Feudal Age
16:31 Double-Bit Axe
22:16 Wheelbarrow
26:31 Castle Age
|GaoeG| flamingo
5:07 Loom
14:20 Feudal Age
15:18 Double-Bit Axe
15:16 Horse Collar
15:34 Town Watch
|GaoeG| Ratarax
5:39 Loom
17:31 Feudal Age
26:16 Castle Age
Connection lost

Rejoining the realm…

Still unreachable

The connection could not be restored.

Session expired

The server has moved on; the page needs a fresh start.